 Dungeon Crawl Stone Soup version 0.21.1-1-g345015f (webtiles) character file.

193 suicidejoker the Sneak (level 5, 0/49 HPs)
             Began as a Deep Dwarf Monk on Feb 23, 2018.
             Slain by an unseen horror (4 damage)
             ... on level 4 of the Dungeon.
             The game lasted 00:13:49 (2095 turns).

suicidejoker the Sneak (Deep Dwarf Monk)            Turns: 2095, Time: 00:13:49

Health: 0/49       AC:  3    Str: 21    XL:     5   Next: 44%
Magic:  13/13      EV: 14    Int: 10    God:
Gold:   112        SH:  0    Dex: 15    Spells: 4/4 levels left

rFire    . . .     SeeInvis .   q - +1 dagger (holy)
rCold    . . .     Gourm    .   (no shield)
rNeg     . . .     Faith    .   b - +0 robe
rPois    .         Spirit   .   (no helmet)
rElec    .         Reflect  .   (no cloak)
rCorr    .         Harm     .   (no gloves)
MR       .....                  h - +0 pair of boots
Stlth    +++.......             (no amulet)
HPRegen  0.00/turn              i - ring of magical power
MPRegen  0.13/turn              (no ring)

@: mighty, very slightly contaminated, non-regenerating, invisible
A: damage resistance, heal wounds, sense surroundings 1, no regeneration
a: Heal Wounds


You were on level 4 of the Dungeon.
You were very hungry.

You visited 1 branch of the dungeon, and saw 4 of its levels.

You collected 112 gold pieces.

Inventory:

Hand Weapons
 a - a +1 short sword
 q - a +1 dagger of holy wrath (weapon)
Missiles
 e - 4 needles of confusion
 n - 70 bolts
 p - 18 poisoned needles
 x - 2 tomahawks of returning (quivered)
Armour
 b - a +0 robe (worn)
 h - a +0 pair of boots (worn)
 w - a +0 plate armour
Jewellery
 i - a ring of magical power (left hand)
Wands
 v - a wand of polymorph (17)
Scrolls
 f - 4 scrolls of teleportation
 g - a scroll of remove curse
 u - 2 scrolls of enchant weapon
 y - a scroll of identify
 z - a scroll of immolation {unknown}
Potions
 d - 2 potions of flight
 o - 3 potions of curing
 r - a potion of resistance {unknown}
 s - a potion of brilliance
 t - 2 potions of heal wounds {unknown}
Comestibles
 c - 7 rations


   Skills:
 + Level 3.3 Fighting
 * Level 3.4 Short Blades
 + Level 1.9 Armour
 + Level 4.0 Dodging
 * Level 4.7 Stealth


You had 4 spell levels left.
You didn't know any spells.

Dungeon Overview and Level Annotations

Branches:
Dungeon (4/15)
 Temple: D:4-7

Altars:
Nemelex Xobeh


Innate Abilities, Weirdness & Mutations

You are resistant to damage.
You can heal yourself by infusing magical energy.
You passively map a small area around you.
You do not regenerate.


Message History

Your +0 robe unmelds from your body.
Something hits you.
It was a potion of invisibility.
You fade into invisibility!
Something closely misses you.
You are very lightly contaminated with residual magic.
It was a potion of might.
You feel very mighty all of a sudden. Something hits you.
Something barely misses you. Something hits you. Something hits you.
Something barely misses you.
You miss something. Something hits you. Something hits you but does no damage.
Something hits you!
* * * LOW HITPOINT WARNING * * *
You fail to use your ability.
Something hits you.
* * * LOW HITPOINT WARNING * * *
Something hits you.
You die...

#### ##%.##
#....#
....#
*#...# #@.#
##.# ##.#
#..# #..#
########.##
#....##..#
#.##.##.##
#.##.#.##


There were no monsters in sight!

Vanquished Creatures
  A crimson imp (D:4)
  An orc wizard (D:3)
  6 adders
  3 worms
  A dart slug (D:1)
  3 leopard geckos (D:2)
  5 orcs (D:3)
  3 ball pythons
  4 bats
  3 giant cockroaches
  2 goblins (D:2)
  6 hobgoblins
  10 kobolds
  4 quokkas
  4 frilled lizards
  A leopard gecko skeleton (D:4)
  6 rats
63 creatures vanquished.

Notes
Turn   | Place    | Note
-------+----------+-------------------------------------------
     0 | D:1      | suicidejoker the Deep Dwarf Monk began the quest for the Orb.
     0 | D:1      | Reached XP level 1. HP: 20/20 MP: 1/1
    69 | D:1      | Reached XP level 2. HP: 25/27 MP: 2/2
   481 | D:2      | Found a faded altar of an unknown god.
   487 | D:2      | Reached skill level 1 in Armour
   499 | D:2      | Reached XP level 3. HP: 13/33 MP: 3/3
   659 | D:2      | Found a sparkling altar of Nemelex Xobeh.
   999 | D:2      | Reached XP level 4. HP: 42/42 MP: 4/4
  1320 | D:3      | HP: 2/42 [something/magic dart (8)]
  1552 | D:3      | Reached XP level 5. HP: 9/49 MP: 5/5
  1989 | D:4      | Noticed a black bear
  1996 | D:4      | a black bear changed into something unseen
  2095 | D:4      | Slain by an unseen horror

Skill      XL: |  1  2  3  4  5 |
---------------+----------------+-----
Stealth        | 3 4 |  4.7
Armour         | 1 |  1.9
Short Blades   | 3 |  3.4
Fighting       | 3 |  3.3
Dodging        | 4 |  4.0

Action                   |  1- 3 |  4- 6 || total
-------------------------+-------+-------++-------
Melee: Short sword       |   145 |   106 ||   251
       Dagger            |       |    94 ||    94
 Abil: Heal Wounds       |     2 |     4 ||     6
Evoke: Wand              |       |     5 ||     5
  Use: Scroll            |     4 |     3 ||     7
       Potion            |       |     8 ||     8
 Stab: Sleeping          |     7 |     5 ||    12
  Eat: Chunk             |       |     3 ||     3
Armor: Robe              |    17 |    15 ||    32
       Skin              |       |    56 ||    56
Dodge: Dodged            |   106 |    80 ||   186
